 Dungeon Sprint DCSS version 0.20-a0-633-gff4aa5c (webtiles) character file.

3892 Kidiri the Thaumaturge (level 10, -6/61 HPs)
             Began as a Deep Elf Fire Elementalist on Feb 11, 2017.
             Was the Champion of Vehumet.
             Mangled by a killer bee (8 damage)
             ... in the Dungeon (Sprint III: "The Ten Rune Challenge").
             The game lasted 00:11:47 (1783 turns).

Kidiri the Thaumaturge (Deep Elf Fire Elementalist) Turns: 1783, Time: 00:11:48

Health: -6/61      AC:  3    Str:  5    XL:     10   Next: 0%
Magic:  10/30      EV: 19    Int: 24    God:    Vehumet [******]
Gold:   37         SH:  0    Dex: 15    Spells: 12/38 levels left

rFire    . . .     SeeInvis .   l - +0 dagger
rCold    . . .     Gourm    .   t - +1 robe
rNeg     . . .     Faith    .   (no shield)
rPois    .         Spirit   .   (no helmet)
rElec    .         Reflect  .   (no cloak)
rCorr    .         Harm     .   (no gloves)
MR       +....     Clarity  +   (no boots)
Stlth    ++........ NoTele   +  (no amulet)
Regen    0.2/turn               (no ring)
                                (no ring)

@: lethally poisoned (-6 -> -8)
A: clarity
a: Renounce Religion


You were in the Dungeon.
You worshipped Vehumet.
Vehumet was exalted by your worship.
You were not hungry.

You visited 1 branch You collected 37 gold pieces.

Inventory:

Hand Weapons
 l - a +0 dagger (weapon)
Armour
 t - a +1 robe (worn)
Scrolls
 i - a scroll of blinking
 j - a scroll of fear {unknown}
 m - 2 scrolls of holy word {unknown}
 n - a scroll of identify
 o - 2 scrolls of remove curse {unknown}
 q - a scroll of amnesia {unknown}
Potions
 d - 3 potions of curing
 f - 2 potions of haste
 h - 2 potions of berserk rage
 r - a potion of flight
Miscellaneous
 b - a fan of gales
Comestibles
 c - 2 bread rations


   Skills:
 + Level 6.8 Fighting
 + Level 5.9 Short Blades
 + Level 6.8 Armour
 + Level 10.1 Dodging
 - Level 2.4 Stealth
 * Level 14.7 Spellcasting
 + Level 9.1 Conjurations
 + Level 9.6 Fire Magic
 + Level 5.1 Air Magic
 + Level 4.7 Evocations


You had 12 spell levels left.
You knew the following spells:

 Your Spells              Type           Power        Failure   Level  Hunger
a - Flame Tongue          Conj/Fire      #####        1%          1    None
b - Throw Flame           Conj/Fire      ######       1%          2    None
c - Conjure Flame         Conj/Fire      ######..     1%          3    None
d - Inner Flame           Hex/Fire       #####...     1%          3    None
e - Sticky Flame          Conj/Fire      ######..     1%          4    None
f - Fireball              Conj/Fire      ######....   1%          5    ##.....
g - Shock                 Conj/Air       ####         1%          1    None
h - Static Discharge      Conj/Air       ######..     1%          3    None
i - Fulminant Prism       Conj/Hex       #####.....   1%          4    None


Dungeon Overview and Level Annotations

Branches:
Dungeon (1/1)

Altars:
Cheibriados
Dithmenos
Elyvilon
Fedhas
Gozag
Hepliaklqana
Kikubaaqudgha
Makhleb
Nemelex Xobeh
Okawaru
Qazlal
Ru
Sif Muna
Trog
Uskayaw
Vehumet
Xom
Yredelemnul
Zin
The Shining One
Beogh
Jiyva
Lugonu


Innate Abilities, Weirdness & Mutations

You possess an exceptional clarity of mind.


Message History

Press: ? - help, Dir - move target cursor You conjure a prism of explosive energy!
You feel sick. The killer bee closely misses you. The killer bee stings you!
* * * LOW HITPOINT WARNING * * *
You hear an angry buzzing noise.
Unknown command.
Casting: Fulminant Prism
Confirm with . or Enter, or press ? or * to list all spells.
The killer bee is struck by lightning.
The killer bee is moderately wounded.
The lightning arcs!
You are struck by lightning.
* * * LOW HITPOINT WARNING * * *
The lightning arcs!
The killer bee is struck by lightning.
The killer bee is severely wounded.
The lightning grounds out.
You hear an angry buzzing noise.
The killer bee stings you!
* * * LOW HITPOINT WARNING * * *
The killer bee stings you!
You die...

########################
§§.#.()..+.#.#.#@yyyy*≈#
§#.#.#)..##.#.#.##yyy≈≈#
§#.#.#...#.#.#.#.# y.≈≈≈
.#...#...##.#.#.## %≈≈≈
▓▓▓▓▓▓▓▓▓#.#.#.#.# %%%
##.#.#.## .% +.#.#.#.# .
##.#.#.## #+####


You could see 8 killer bees and a friendly fulminant prism.

Vanquished Creatures
  Erica (D)
  A centaur warrior (D)
  An unseen horror (D)
  A deep elf mage (D)
  A shadow (D)
  A spatial vortex (D)
  A necrophage (D)
  2 centaurs (D)
  A water elemental (D)
  17 killer bees (D)
  A jelly (D)
  Jessica (D)
  A wizard (D)
  A necromancer (D)
  3 humans (D)
  A kobold demonologist (D)
  A wolf (D)
  An ooze (D)
  2 rats (D)
39 creatures vanquished.

Vanquished Creatures (others)
  2 draconian scorchers (D)
  2 yaktaurs (D)
  6 hellions (D)
  A fulminant prism (D)
11 creatures vanquished.

Grand Total: 50 creatures vanquished

Notes
Turn   | Place    | Note
-------+----------+-------------------------------------------
     0 | D        | Kidiri the Deep Elf Fire Elementalist began the quest for the Orb.
     0 | D        | Reached XP level 1. HP: 10/10 MP: 6/6
    64 | D        | Noticed Jessica
    65 | D        | Killed Jessica
    65 | D        | Reached skill level 1 in Fighting
    65 | D        | Reached skill level 1 in Armour
    65 | D        | Reached skill level 5 in Spellcasting
    65 | D        | Reached XP level 2. HP: 16/16 MP: 5/10
    65 | D        | Reached XP level 3. HP: 20/20 MP: 5/11
    69 | D        | Learned a level 2 spell: Throw Flame
    73 | D        | Learned a level 3 spell: Conjure Flame
    77 | D        | Learned a level 3 spell: Inner Flame
    79 | D        | Killed a hellion
    80 | D        | Killed a hellion
    89 | D        | Killed a hellion
    90 | D        | Killed a hellion
   102 | D        | Killed a yaktaur
   112 | D        | Killed a hellion
   115 | D        | Killed a hellion
   204 | D        | Killed a white draconian scorcher
   232 | D        | Reached skill level 6 in Spellcasting
   251 | D        | Gained mutation: You are frail. (-10% HP) [potion of mutation]
   251 | D        | Gained mutation: You are partially covered in slimy green scales. (AC +2) [potion of mutation]
   251 | D        | Gained mutation: Your spells are a little harder to cast, but a little more powerful. [potion of mutation]
   252 | D        | Lost mutation: Your spells are a little harder to cast, but a little more powerful. [potion of mutation]
   252 | D        | Lost mutation: You are frail. (-10% HP) [potion of mutation]
   252 | D        | Gained mutation: You are agile. (Dex +2) [potion of mutation]
   252 | D        | Gained mutation: Your muscles are strong. (Str +2) [potion of mutation]
   253 | D        | Lost mutation: You are agile. (Dex +2) [potion of mutation]
   253 | D        | Lost mutation: Your muscles are strong. (Str +2) [potion of mutation]
   253 | D        | Lost mutation: You are partially covered in slimy green scales. (AC +2) [potion of mutation]
   253 | D        | Gained mutation: You possess an exceptional clarity of mind. [potion of mutation]
   266 | D        | Killed a white draconian scorcher
   287 | D        | Noticed a water elemental
   290 | D        | Killed a water elemental
   290 | D        | Reached skill level 7 in Spellcasting
   290 | D        | Reached skill level 5 in Fire Magic
   290 | D        | Reached XP level 4. HP: 10/27 MP: 8/15
   296 | D        | Learned a level 4 spell: Sticky Flame
   478 | D        | Found a radiant altar of Vehumet.
   479 | D        | Found a deep blue altar of Sif Muna.
   479 | D        | Found an ancient bone altar of Kikubaaqudgha.
   479 | D        | Noticed a wizard
   481 | D        | Killed a wizard
   481 | D        | Reached skill level 5 in Dodging
   481 | D        | Reached XP level 5. HP: 20/32 MP: 7/17
   482 | D        | Reached skill level 8 in Spellcasting
   496 | D        | Learned a level 5 spell: Fireball
   500 | D        | Became a worshipper of Vehumet
   609 | D        | Found a glowing silver altar of Zin.
   610 | D        | Found a glowing golden altar of the Shining One.
   610 | D        | Found a white marble altar of Elyvilon.
   610 | D        | Noticed a deep elf mage
   622 | D        | Killed a deep elf mage
   622 | D        | Reached skill level 10 in Spellcasting
   622 | D        | Reached XP level 6. HP: 30/39 MP: 8/21
   622 | D        | Reached XP level 7. HP: 34/44 MP: 8/23
   701 | D        | Found a hide-covered altar of Uskayaw.
   701 | D        | Found a roughly hewn altar of Beogh.
   701 | D        | Found an iron altar of Okawaru.
   701 | D        | Found a bloodstained altar of Trog.
   701 | D        | Noticed a human
   704 | D        | Noticed a human
   704 | D        | Killed a human
   704 | D        | Reached skill level 1 in Short Blades
   704 | D        | Reached skill level 11 in Spellcasting
   706 | D        | Killed a human
   706 | D        | Reached * piety under Vehumet
   706 | D        | Offered knowledge of Shock by Vehumet.
   706 | D        | Reached skill level 5 in Fighting
   706 | D        | Reached skill level 5 in Armour
   709 | D        | Learned a level 1 spell: Shock
   789 | D        | Found a basalt altar of Yredelemnul.
   789 | D        | Found a shadowy altar of Dithmenos.
   789 | D        | Found a sacrificial altar of Ru.
   793 | D        | Reached skill level 12 in Spellcasting
   795 | D        | Reached skill level 1 in Air Magic
   851 | D        | Noticed a shadow
   858 | D        | Reached ** piety under Vehumet
   858 | D        | Offered knowledge of Magic Dart by Vehumet.
   864 | D        | Killed a shadow
   864 | D        | Reached XP level 8. HP: 41/49 MP: 13/26
   937 | D        | Found a blossoming altar of Fedhas.
   937 | D        | Found a stormy altar of Qazlal.
   937 | D        | Found a snail-covered altar of Cheibriados.
   937 | D        | Found a burning altar of Makhleb.
   937 | D        | Found a shimmering altar of Xom.
   938 | D        | Found a hazy altar of Hepliaklqana.
   938 | D        | Found an opulent altar of Gozag.
   938 | D        | Found a sparkling altar of Nemelex Xobeh.
   938 | D        | Found a corrupted altar of Lugonu.
   938 | D        | Found a viscous altar of Jiyva.
  1024 | D        | Noticed Erica
  1036 | D        | HP: 2/50 [Erica/orb of energy (23)]
  1037 | D        | Killed Erica
  1037 | D        | Offered knowledge of Static Discharge by Vehumet.
  1037 | D        | Reached skill level 13 in Spellcasting
  1276 | D        | Learned a level 3 spell: Static Discharge
  1421 | D        | Noticed a centaur warrior
  1424 | D        | Reached *** piety under Vehumet
  1424 | D        | Reached XP level 9. HP: 41/55 MP: 15/28
  1427 | D        | Killed a centaur warrior
  1427 | D        | Offered knowledge of Fulminant Prism by Vehumet.
  1427 | D        | Reached skill level 5 in Short Blades
  1433 | D        | Learned a level 4 spell: Fulminant Prism
  1636 | D        | Noticed an unseen horror
  1640 | D        | Killed an unseen horror
  1640 | D        | Reached skill level 14 in Spellcasting
  1737 | D        | Killed a yaktaur
  1754 | D        | Noticed a queen bee
  1755 | D        | Reached **** piety under Vehumet
  1757 | D        | Offered knowledge of Ignite Poison by Vehumet.
  1761 | D        | Reached ***** piety under Vehumet
  1773 | D        | Reached skill level 10 in Dodging
  1773 | D        | Reached skill level 5 in Air Magic
  1776 | D        | Reached ****** piety under Vehumet
  1781 | D        | Reached XP level 10. HP: 21/61 MP: 16/30
  1783 | D        | HP: 2/61 [killer bee (8)]
  1783 | D        | Mangled by a killer bee

Vault maps used:
D:        dungeon_sprint_mu

Skill      XL: |  1  2  3  4  5  6  7  8  9 |
---------------+----------------------------+-----
Fighting       | 1 2 4 5 6 |  6.8
Armour         | 1 2 4 5 6 |  6.8
Dodging        | 3 4 5 7 8 9 10 | 10.1
Spellcasting   | 5 7 10 12 13 14 | 14.7
Conjurations   | 2 4 6 7 8 9 |  9.1
Fire Magic     | 4 5 7 8 9 |  9.6
Short Blades   | 2 4 5 |  5.9
Air Magic      | 1 3 5 |  5.1
Evocations     | 2 4 |  4.7
Stealth        | |  2.4

Action                   |  1- 3 |  4- 6 |  7- 9 | 10-12 || total
-------------------------+-------+-------+-------+-------++-------
Melee: Dagger            |       |     1 |       |       ||     1
 Cast: Flame Tongue      |    13 |     6 |    43 |       ||    62
       Throw Flame       |     4 |       |     1 |       ||     5
       Conjure Flame     |     1 |       |     4 |       ||     5
       Sticky Flame      |       |     3 |     8 |       ||    11
       Fireball          |       |       |     3 |       ||     3
       Static Discharge  |       |       |    22 |     2 ||    24
       Fulminant Prism   |       |       |     1 |     1 ||     2
  Use: Potion            |     3 |       |     4 |       ||     7
       Scroll            |     1 |       |       |       ||     1
 Stab: Sleeping          |       |     1 |       |       ||     1
  Eat: Royal jelly       |       |       |     2 |       ||     2
       Chunk             |       |       |     1 |       ||     1
Armor: Robe              |       |       |     1 |       ||     1
Dodge: Dodged            |     3 |     3 |    46 |     2 ||    54
